 Dungeon Crawl Stone Soup version 0.22-b1-26-g9dbaab1 (webtiles) character file.

98 zishaf the Insei (level 4, 0/23 HPs)
             Began as a Vine Stalker Transmuter on Aug 7, 2018.
             Shot with a stone by a goblin (1 damage)
             ... on level 3 of the Dungeon.
             The game lasted 00:05:32 (2739 turns).

zishaf the Insei (Vine Stalker Transmuter)          Turns: 2739, Time: 00:05:32

Health: 0/23       AC:  4    Str: 13    XL:     4   Next: 71%
Magic:  0/8        EV: 12    Int: 13    God:
Gold:   140        SH:  0    Dex: 15    Spells: 6/7 levels left

rFire    . . .     SeeInvis .     - Unarmed
rCold    . . .     Gourm    .   (no shield)
rNeg     . . .     Faith    .   r - +0 leather armour (curse)
rPois    .         Spirit   +   (no helmet)
rElec    .         Reflect  .   (no cloak)
rCorr    .         Harm     .   i - +0 pair of gloves
MR       .....                  (no boots)
Stlth    ++........             (no amulet)
HPRegen  0.47/turn              (no ring)
MPRegen  0.11/turn              (no ring)

@: no status effects
A: fangs 2, regeneration 1, magic shield, antimagic bite, no potion heal 3, rot
immunity
a: no special abilities


You were on level 3 of the Dungeon.
You were not hungry.

You visited 1 branch of the dungeon, and saw 3 of its levels.

You collected 140 gold pieces.

Inventory:

Hand Weapons
 a - a +0 hunting sling
Missiles
 m - 2 tomahawks of returning (quivered)
 u - 71 arrows
 v - 25 stones
Armour
 i - a +0 pair of gloves (worn)
 r - a cursed +0 leather armour (worn)
Scrolls
 b - a scroll of magic mapping {unknown}
 c - a scroll of noise {unknown}
 f - 2 scrolls of immolation {unknown}
 h - 4 scrolls of identify {unknown}
 l - a scroll of fear {unknown}
 n - a scroll of remove curse {unknown}
 p - a scroll of enchant weapon {unknown}
 q - a scroll of teleportation {unknown}
 s - 3 scrolls of random uselessness {unknown}
Potions
 e - a potion of curing {unknown}
 g - 2 potions of cancellation {unknown}
 k - a potion of berserk rage {unknown}
 o - a potion of lignification {unknown}
 t - a potion of heal wounds {unknown}
Comestibles
 d - 4 rations
 j - 2 chunks of flesh


   Skills:
 + Level 2.0 Fighting
 + Level 2.3 Dodging
 + Level 2.6 Stealth
 - Level 3.0 Unarmed Combat
 - Level 2.1 Spellcasting
 + Level 2.8 Transmutations


You had 6 spell levels left.
You knew the following spells:

 Your Spells              Type           Power        Failure   Level  Hunger
a - Beastly Appendage     Tmut           #.....       10%         1    ##.....

Your spell library contained the following spells:

 Spells                   Type           Power        Failure   Level  Hunger
 Spider Form              Tmut/Pois      #.........   47%         3    ####...
 Blade Hands              Tmut           #.........   95%         5    ######.
 Ice Form                 Ice/Tmut       #.......     87%         4    #####..
 Sticks to Snakes         Tmut           #.......     16%         2    ###....


Dungeon Overview and Level Annotations

Branches:
Dungeon (3/15)

Altars:
Elyvilon
Gozag

Annotations:
D:3 1 runed door


Innate Abilities, Weirdness & Mutations

You have extremely sharp teeth.
Your natural rate of healing is unusually fast.
When hurt, damage is shared between your health and your magic reserves.
Your bite disrupts and absorbs the magic of your enemies.
Potions cannot restore your health.
You are immune to rotting.


Message History

* * * LOW HITPOINT WARNING * * *
The gnoll shouts!
You hit the gnoll.
You kill the gnoll!
You hear a shout!
You closely miss the goblin. The goblin hits you but does no damage.
You hit the goblin. You bite the goblin, but do no damage.
The goblin is heavily wounded.
The goblin unwields an uncursed club.
The goblin wields a hunting sling.
The goblin shoots a stone.
The stone hits you.
* * * LOW HITPOINT WARNING * * *
You see here a stone.
The goblin shoots a stone.
The stone closely misses you.
Some of the chunks of flesh in your inventory have rotted away.
You see here a stone.
The goblin shoots a stone.
The stone barely misses you.
The goblin shoots a stone.
The stone hits you.
* * * LOW HITPOINT WARNING * * *
The goblin shoots a stone.
The stone hits you.
You die...

####g####.###..###..###.....##
##.##.# #.##..##>##..#.....).##
##...#.####.#..###.###..........#
........ggg...####.####.........+
##...#.####†(.#A.._..>#.........#
##.##.# ##.(###+.####........##
####.# #...###.###..#.....## ...
###).##>##..###...## #.#
##.@###..## ##'## ... #.......##
#.# ... #........# #.# #...####.#
##.## ##### #.####...##
#.........# #.####...##
#........#### #..##....>...


You could see a gnoll and a goblin.

Vanquished Creatures
  2 adders
  A gnoll (D:3)
  A worm (D:2)
  2 dart slugs
  4 leopard geckos
  An orc (D:3)
  2 giant cockroaches
  11 goblins
  5 hobgoblins
  5 jackals
  A ball python (D:1)
  7 bats
  3 frilled lizards
  4 kobolds
  8 rats
57 creatures vanquished.

Notes
Turn   | Place    | Note
-------+----------+-------------------------------------------
     0 | D:1      | zishaf the Vine Stalker Transmuter began the quest for the Orb.
     0 | D:1      | Reached XP level 1. HP: 9/9 MP: 4/4
   129 | D:1      | Reached skill level 1 in Fighting
   331 | D:1      | Reached XP level 2. HP: 12/14 MP: 4/6
   333 | D:1      | Reached skill level 1 in Stealth
   829 | D:1      | Reached XP level 3. HP: 2/18 MP: 2/7
  1761 | D:2      | Gained mutation: Your natural rate of healing is unusually fast. [Vine Stalker growth]
  1761 | D:2      | Reached XP level 4. HP: 17/23 MP: 6/8
  1898 | D:2      | Found an opulent altar of Gozag.
  2607 | D:3      | Found a white marble altar of Elyvilon.
  2607 | D:3      | Found a runed door.
  2607 | D:3      | Noticed an angel
  2738 | D:3      | HP: 1/23 [goblin/stone (4)]
  2739 | D:3      | Shot with a stone by a goblin

Skill      XL: |  1  2  3  4 |
---------------+-------------+-----
Fighting       | 1 2 |  2.0
Stealth        | 1 2 |  2.6
Dodging        | 2 |  2.3
Unarmed Combat | |  3.0
Spellcasting   | |  2.1
Transmutations | |  2.8

Action                   |  1- 3 |  4- 6 || total
-------------------------+-------+-------++-------
Melee: Unarmed           |   118 |    69 ||   187
       Bite              |    24 |    15 ||    39
       Punch             |     1 |       ||     1
 Fire: Hunting sling     |       |    14 ||    14
Throw: Tomahawk          |     5 |       ||     5
 Stab: Sleeping          |     4 |     4 ||     8
  Eat: Chunk             |     3 |     3 ||     6
Armor: Robe              |    30 |     7 ||    37
       Leather armour    |       |    10 ||    10
Dodge: Dodged            |    60 |    41 ||   101
